 Dungeon Crawl Stone Soup version 0.23-a0-577-g2b1de94 (webtiles) character file.

100 Lavandula the Cutter (level 5, 3/31 HPs)
             Began as a Halfling Enchanter on Dec 14, 2018.
             Was an Initiate of Ru.
             Quit the game on level 2 of the Dungeon.
             The game lasted 00:06:03 (1228 turns).

Lavandula the Cutter (Halfling Enchanter)           Turns: 1228, Time: 00:06:04

Health: 3/31       AC:  2    Str:  9    XL:     5   Next: 3%
Magic:  1/7        EV: 15    Int: 19    God:    Ru [......]
Gold:   29         SH:  0    Dex: 15    Spells: 4/7 levels left

rFire    . . .     SeeInvis .   a - +1 dagger
rCold    . . .     Gourm    .   (shield restricted)
rNeg     . . .     Faith    .   b - +0 robe
rPois    .         Spirit   .   (no helmet)
rElec    .         Reflect  .   (no cloak)
rCorr    .         Harm     .   (no gloves)
MR       .....                  (no boots)
Stlth    ++........             (no amulet)
HPRegen  0.10/turn              (no ring)
MPRegen  0.10/turn              (no ring)

@: brilliant, lethally poisoned (3 -> -2), very slightly contaminated
A: small, mutation resistance 1
a: Renounce Religion


You were on level 2 of the Dungeon.
You worshipped Ru.
Ru was noncommittal.
You were not hungry.

You visited 1 branch of the dungeon, and saw 3 of its levels.

You collected 29 gold pieces.

Inventory:

Hand Weapons
 a - a +1 dagger (weapon)
Armour
 b - a +0 robe (worn)
Scrolls
 e - a scroll of remove curse {unknown}
 f - a scroll of fog {unknown}
 i - a scroll of blinking {unknown}
Potions
 g - a potion of brilliance
Comestibles
 d - 2 rations


   Skills:
 + Level 5.3 Short Blades
 - Level 2.1 Dodging
 - Level 3.2 Stealth
 - Level 1.5 Spellcasting
 - Level 2.4 Hexes


You had 4 spell levels left.
You knew the following spells:

 Your Spells              Type           Power        Failure   Level  Hunger
a - Corona                Hex            ###....      1%          1    ##.....
b - Ensorcelled Hibernat  Hex/Ice        ###...       1%          2    ###....

Your spell library contained the following spells:

 Spells                   Type           Power        Failure   Level  Hunger
 Confuse                  Hex            ###.....     2%          3    ####...
 Tukima's Dance           Hex            ###.....     2%          3    ####...
 Dazzling Spray           Conj/Hex       ###...       4%          3    ####...


Dungeon Overview and Level Annotations

Branches:
Dungeon (3/15)

Altars:
Ru
Trog

Annotations:
D:2 Sigmund


Innate Abilities, Weirdness & Mutations

You are small and have problems with some larger weapons.
You are somewhat resistant to further mutation.


Message History

* * * LOW HITPOINT WARNING * * *
You are more poisoned.
The adder poisons you!
It was a potion of brilliance.
You feel clever all of a sudden.
You feel sick. The adder bites you.
* * * LOW HITPOINT WARNING * * *
Unknown command.
Okay, then.
Casting: Ensorcelled Hibernation (safe; 1% risk of failure)
Confirm with . or Enter, or press ? or * to list all spells.
You don't have enough magic to cast that spell.
Unknown command.
The adder bites you.
* * * LOW HITPOINT WARNING * * *
* * * LOW HITPOINT WARNING * * *
You feel sick.
* * * LOW HITPOINT WARNING * * *
You feel sick.
Are you sure you want to abandon this character and quit the game? (Confirm

##......#.####
#..........?.#
.@#
#.........##.# ..
#........#..[#
#.########'##.###
#..#######)##.#
.........>##l#
#..######.##S#
#.# #.##@# #.#
#....#
######'####
#..###
#.........#
#....#
#.........#
#.##.#
#.........#
#.##.#
#.........#
#.##^#
########†##
#.##.#
......##..#
#.##.####


You could see an adder and a leopard gecko.

Vanquished Creatures
  Jessica (D:2)
  4 adders (D:2)
  2 dart slugs
  A leopard gecko (D:2)
  2 giant cockroaches (D:2)
  3 hobgoblins
  A ball python (D:1)
  5 bats
  2 frilled lizards (D:1)
  4 goblins
  7 kobolds
  5 rats
37 creatures vanquished.

Notes
Turn   | Place    | Note
-------+----------+-------------------------------------------
     0 | D:1      | Lavandula the Halfling Enchanter began the quest for the
                  | Orb.
     0 | D:1      | Reached XP level 1. HP: 11/11 MP: 3/3
   113 | D:1      | Reached skill level 2 in Short Blades
   178 | D:1      | Reached XP level 2. HP: 12/17 MP: 4/4
   234 | D:2      | Learned a level 2 spell: Ensorcelled Hibernation
   278 | D:2      | Noticed Sigmund
   301 | D:2      | Found a bloodstained altar of Trog.
   443 | D:2      | Reached skill level 3 in Short Blades
   515 | D:2      | Reached XP level 3. HP: 21/21 MP: 5/5
   745 | D:2      | Reached skill level 4 in Short Blades
   765 | D:2      | Found a sacrificial altar of Ru.
   770 | D:2      | Became a worshipper of Ru the Awakened
   842 | D:2      | Reached XP level 4. HP: 13/27 MP: 1/6
  1179 | D:2      | Noticed Jessica
  1194 | D:2      | Killed Jessica
  1194 | D:2      | Reached skill level 5 in Short Blades
  1194 | D:2      | Reached XP level 5. HP: 25/31 MP: 4/7
  1228 | D:2      | Quit the game

Vault maps used:
D:1:      lightli_arrival_statue_moat, serial_glass, glass_columns_b,
          glass_columns_b, glass_columns_a
D:2:      lemuel_crystal_altar, first_ration, nicolae_ru_awakened_eye,
          uniq_sigmund, uniq_jessica
D:3:      lemuel_doored_altar, kiku_gazebo_pond_becter, uniq_ijyb, uniq_robin

Skill      XL: |  1  2  3  4 |
---------------+-------------+-----
Short Blades   | 2 3 4 5 |  5.3
Dodging        | |  2.1
Stealth        | |  3.2
Spellcasting   | |  1.5
Hexes          | |  2.4

Action                   |  1- 3 |  4- 6 || total
-------------------------+-------+-------++-------
Melee: Dagger            |   129 |    33 ||   162
 Cast: Corona            |     3 |       ||     3
       Ensorcelled Hiber |     8 |     3 ||    11
  Use: Potion            |     4 |     2 ||     6
 Stab: Sleeping          |     6 |     5 ||    11
  Eat: Chunk             |       |     2 ||     2
Armor: Robe              |    12 |     7 ||    19
       Skin              |    29 |       ||    29
Dodge: Dodged            |    75 |    32 ||   107

Table legend:
 A = Non-vault XP
 B = Vault XP
 C = Vault XP percentage of total XP
 D = Non-vault monster count
 E = Vault monster count
 F = Vault count percentage of total count
                 A         B        C        D         E       F
            +---------+---------+-------+---------+---------+-------
      Total |     107 |      37 |  25.7 |      36 |       1 |   2.7
            +---------+---------+-------+---------+---------+-------
        D:1 |      22 |       0 |   0.0 |      15 |       0 |   0.0
        D:2 |      85 |      37 |  30.3 |      21 |       1 |   4.5
            +---------+---------+-------+---------+---------+-------
